 Dungeon Crawl Stone Soup version 0.17-a0-977-g4154171 (webtiles) character file.

386 Hanyuu the Insei (level 6, -4/39 HPs)
             Began as an Octopode Transmuter on May 10, 2015.
             Slain by a phantom (9 damage)
             ... on level 4 of the Dungeon.
             The game lasted 00:07:23 (4540 turns).

Hanyuu the Insei (Octopode Transmuter)              Turns: 4540, Time: 00:07:23

Health: -4/39      AC:  2    Str: 10    XL:     6   Next: 78%
Magic:  1/9        EV: 19    Int: 17    God:
Gold:   124        SH:  0    Dex: 17    Spells: 3 memorised, 3 levels left

rFire  x . .     SeeInvis +       - Unarmed
rCold  + . .     Clarity  .     (shield currently unavailable)
rNeg   . . .     SustAb   .     (helmet currently unavailable)
rPois  x         Gourm    .     (no amulet)
rElec  .         Spirit   .     f - ring of stealth
rCorr  .         Warding  .     m - ring of see invisible
rMut   .         Stasis   .     r - ring of ice
MR     .....                    (no ring)
Stlth  +++.......               (no ring)
                                (no ring)
                                (no ring)
                                (no ring)

@: spider-form (expiring), very slightly contaminated, not resistant to hostile
enchantments, fairly stealthy
A: almost no armour, amphibious, 8 rings, (constrict 8), (camouflage 0),
(gelatinous body 0)
a: End Transformation


You were on level 4 of the Dungeon.
You were hungry.
You were a venomous arachnid creature.
You visited 1 branch of the dungeon, and saw 4 of its levels.

You collected 124 gold pieces.

Inventory:

Missiles
 a - 22 arrows
 d - 32 poisoned needles
 e - 4 tomahawks (quivered)
 q - 3 throwing nets
 t - 3 curare-tipped needles
Jewellery
 f - a ring of stealth (left front leg)
 m - a ring of see invisible (right front leg)
 r - a ring of ice (on tentacle)
Magical devices
 s - a wand of magic darts (26)
Scrolls
 g - 2 scrolls of amnesia
 i - a scroll of identify
 p - 2 scrolls of remove curse
 w - a scroll of fog
Potions
 h - a potion of agility
 k - 4 potions of might
 o - a potion of invisibility {unknown}
 u - a potion of berserk rage
 v - a potion of brilliance
Books
 b - a book of Changes

   Spells                             Type                      Level
   a - Beastly Appendage              Transmutation                1
   b - Sticks to Snakes               Transmutation                2
   c - Spider Form                    Transmutation/Poison         3
   d - Ice Form                       Ice/Transmutation            4
   e - Blade Hands                    Transmutation                5
Comestibles
 c - 3 bread rations
 n - a meat ration


   Skills:
 + Level 2.2 Fighting
 - Level 2.0 Dodging
 * Level 6.0 Unarmed Combat
 - Level 2.0 Spellcasting
 + Level 4.0 Transmutations


You had 3 spell levels left.
You knew the following spells:

 Your Spells              Type           Power        Failure   Level  Hunger
a - Beastly Appendage     Trmt           ###...       12%         1    #......
b - Sticks to Snakes      Trmt           ###.......   17%         2    ###....
c - Spider Form           Trmt/Pois      #.........   45%         3    ###....


Dungeon Overview and Level Annotations

Branches:
Dungeon (4/15)
 Temple: D:4-7

Altars:
Dithmenos
Trog


Innate Abilities, Weirdness & Mutations

You cannot wear most types of armour.
You are amphibious.
You can wear up to eight rings at the same time.
((You can use your tentacles to constrict eight enemies at once.))
((Your skin changes colour to match your surroundings (Stealth).))
((Your rubbery body absorbs attacks (AC +1).))


Message History

You are too injured to fight recklessly!
Casting: Spider Form
Confirm with . or Enter, or press ? or * to list all spells.
You miscast Spider Form.
You feel weak for a moment. The phantom hits you!
* * * LOW HITPOINT WARNING * * *
The phantom blinks!
Casting: Spider Form
Confirm with . or Enter, or press ? or * to list all spells.
You turn into a venomous arachnid creature.
The phantom blinks!
Your transformation is almost over.
You are too injured to fight recklessly!
You are too injured to fight recklessly!
You are too injured to fight recklessly!
You barely miss the phantom.
The phantom is almost destroyed.
You hit the phantom but do no damage.
The phantom is almost destroyed.
The phantom hits you!
You die...

##### #...## #....#
#....##### ####.##..Ws.#
####....######.#
#..........#...#+#######
#......W##.#.##.........
#........# #. #.........
#..........# #.........
#.........## ##.#######
#.%.......... #.#
########..######.#


You could see a phantom.

Vanquished Creatures
  A hippogriff (D:3)
  An ogre (D:2)
  Jessica (D:2)
  4 adders
  4 gnolls
  2 worms
  A giant gecko (D:3)
  4 orcs (D:3)
  7 bats
  3 giant cockroaches
  5 goblins
  10 hobgoblins
  11 jackals
  10 kobolds
  2 ball pythons
  6 giant newts
  A quokka (D:3)
  5 rats
78 creatures vanquished.

Notes
Turn   | Place    | Note
--------------------------------------------------------------
     0 | D:1      | Hanyuu, the Octopode Transmuter, began the quest for the Orb.
     0 | D:1      | Reached XP level 1. HP: 13/13 MP: 3/3
   218 | D:1      | Reached XP level 2. HP: 12/18 MP: 5/5
   803 | D:1      | Reached skill level 4 in Unarmed Combat
   919 | D:1      | Reached XP level 3. HP: 23/23 MP: 6/6
   923 | D:1      | Learned a level 2 spell: Sticks to Snakes
   927 | D:1      | Learned a level 3 spell: Spider Form
  1079 | D:2      | Found a shadowy altar of Dithmenos.
  1378 | D:2      | Found a bloodstained altar of Trog.
  1816 | D:2      | Noticed Jessica
  1826 | D:2      | Killed Jessica
  1826 | D:2      | Reached XP level 4. HP: 28/28 MP: 3/7
  2304 | D:2      | Noticed an ogre
  2310 | D:2      | Killed an ogre
  2310 | D:2      | Reached skill level 5 in Unarmed Combat
  2310 | D:2      | Reached XP level 5. HP: 29/33 MP: 4/8
  3208 | D:3      | Noticed a hippogriff
  3216 | D:3      | Killed a hippogriff
  3216 | D:3      | Reached XP level 6. HP: 5/39 MP: 5/9
  3673 | D:3      | Reached skill level 6 in Unarmed Combat
  4540 | D:4      | Slain by a phantom

Vault maps used:
D:1:      minmay_arrival_glassed_features, minmay_liquid_box
D:2:      nicolae_overflow_hidden_temple, hangedman_decor_lopped,
          minmay_misc_feat_ornament, minmay_strange_pillars, trog_hazing_becter,
          uniq_jessica
D:3:      lemuel_upstairs_altar
D:4:      first_bread, grunt_dithmenos_shadows, uniq_grinder

Action                   |  1- 3 |  4- 6 || total
-------------------------+-------+-------++-------
Melee: Unarmed           |    65 |   121 ||   186
 Cast: Beastly Appendage |     2 |     1 ||     3
       Spider Form       |     2 |     6 ||     8
  Use: Scroll            |     2 |     8 ||    10
 Stab: Sleeping          |     7 |     6 ||    13
  Eat: Chunk             |     2 |    10 ||    12
